 Dungeon Crawl Stone Soup version 0.29.1-15-g9cfb28693d (webtiles) character file.

Game seed: 17571627529143115057

5168 H0rd4k the Fighter (level 10, -4/72 (74) HPs)
             Began as an Octopode Artificer on Mar 20, 2023.
             Was an Initiate of Gozag.
             Slain by an acid dragon (6 damage)
             ... on level 9 of the Dungeon.
             The game lasted 00:13:44 (12721 turns).

H0rd4k the Fighter (Octopode Artificer)            Turns: 12721, Time: 00:13:45

HP:   -4/72 (74)    AC:  1    Str: 17    XL:     10   Next: 59%
MP:   0/21          EV: 13    Int: 19    God:    Gozag
Gold: 95            SH:  0    Dex: 12    Spells: 13/24 levels left

rFire   . . .      SeeInvis .     - Unarmed
rCold   . . .      Faith    .   (no shield)
rNeg    . . .      Spirit   +   t - +0 hat
rPois   .          Reflect  .   o - amulet of guardian spirit
rElec   .          Harm     .   f - +6 ring of strength
rCorr   .          Rampage  .   (no ring)
Will    .....                   (no ring)
Stlth   +++.......              (no ring)
HPRegen 0.22/turn               (no ring)
MPRegen 0.17/turn               (no ring)
                                (no ring)
                                (no ring)

@: gold aura, flying, studying Throwing, lightly drained
A: almost no armour, amphibious, 8 rings, camouflage 1, gelatinous body 1,
(nimble swimmer 1), tentacles
a: Renounce Religion, Potion Petition, Call Merchant, Bribe Branch


You were on level 9 of the Dungeon.
You worshipped Gozag.
Gozag was noncommittal.
You visited 2 branches of the dungeon, and saw 10 of its levels.

You collected 823 gold pieces.
You spent 520 gold pieces at shops.
You paid 208 gold pieces to Gozag.

Inventory:

Missiles
 l - 9 curare-tipped darts (quivered)
 v - 20 poisoned darts
Armour
 t - a +0 hat (worn)
Magical Staves
 r - a staff of fire
Jewellery
 f - a +6 ring of strength (left tentacle)
 o - an amulet of guardian spirit (around mantle)
Scrolls
 a - 3 scrolls of vulnerability
 b - 3 scrolls of identify
 d - a scroll of enchant armour {unknown}
 i - 4 scrolls of enchant weapon
 k - a scroll of acquirement {unknown}
 m - 4 scrolls of poison
 p - a scroll of silence
 q - 2 scrolls of noise
 s - 4 scrolls of amnesia
 u - a scroll of teleportation
 x - 2 scrolls of fear
Potions
 c - a potion of flight
 e - a potion of ambrosia {unknown}
 h - 3 potions of mutation
 j - 2 potions of degeneration {unknown}
 n - 2 potions of curing
 w - a potion of haste


   Skills:
 - Level 9.5 Fighting
 + Level 6.2 Throwing
 - Level 2.3 Dodging
 - Level 1.3 Stealth
 - Level 6.1 Unarmed Combat
 * Level 7.8 Spellcasting
 * Level 0.7 Transmutations
 - Level 3.1 Air Magic
 * Level 1.0 Poison Magic
 - Level 3.2 Evocations


You had 13 spell levels left.
You knew the following spells:

 Your Spells              Type           Power      Damage    Failure   Level
a - Swiftness             Air            19%        N/A       8%          3
b - Spider Form           Tmut/Pois      10%        N/A       19%         3
c - Alistair's Intoxicat  Tmut/Pois      6%         N/A       87%         5

Your spell library contained the following spells:

 Spells                   Type           Power      Damage    Failure   Level
 Necrotise                Necr           28%        1d5       10%         1
 Slow                     Hex            28%        N/A       10%         1
 Wereblood                Tmut           10%        N/A       11%         2
 Passwall                 Tmut/Erth      6%         N/A       12%         2
 Ensorcelled Hibernation  Hex/Ice        14%        N/A       14%         2
 Sublimation of Blood     Necr           7%         N/A       14%         2
 Mephitic Cloud           Conj/Pois/Air  12%        N/A       16%         3
 Confusing Touch          Hex            7%         N/A       28%         3
 Vampiric Draining        Necr           7%         2d6       28%         3
 Agony                    Necr           7%         N/A       95%         5
 Summon Hydra             Summ           3%         N/A       100%        7
 Corpse Rot               Necr/Pois/Air  Unusable   N/A       N/A         4

Dungeon Overview and Level Annotations

Branches:
Dungeon (9/15)             Temple (1/1) D:7
   Lair: D:8-11         Orc: D:9-12

Altars:
Ashenzari
Cheibriados
Elyvilon
Fedhas
Gozag
Hepliaklqana
Kikubaaqudgha
Makhleb
Nemelex Xobeh
Okawaru
Ru
Sif Muna
Trog
Uskayaw
Vehumet
Wu Jian
Xom
Yredelemnul
The Shining One

Shops:
D:8 *

Annotations:
D:4 exclusion: downstairs
D:6 exclusion: 2 downstairs
D:7 exclusion: zombie
D:9 exclusion: oklob sapling
Temple 2 transporters


Innate Abilities, Weirdness & Mutations

You cannot wear most types of armour.
You are amphibious.
You can wear up to eight rings at the same time.
Your skin changes colour to match your surroundings (Stealth+).
Your rubbery body absorbs attacks. (AC +1, EV +1)
((You are camouflaged when in or above water. (Stealth+)))
You have tentacles for arms and can constrict up to eight enemies at once.


Message History

The centaur shoots an arrow.
The arrow hits you! The bullfrog attacks as you move away!
The bullfrog hits you!
You closely miss the bullfrog. You grab the bullfrog. You squeeze the bullfrog.
The bullfrog is moderately wounded.
You constrict the bullfrog. The bullfrog barely misses you.
You tentacle-slap the bullfrog.
The bullfrog is severely wounded.
You constrict the bullfrog. The bullfrog misses you. The bullfrog hits you.
You feel much better.
You constrict the bullfrog. The bullfrog hits you.
You bludgeon the bullfrog!
You kill the bullfrog!
Your Poison Magic skill increases to level 1!
The centaur shoots an arrow.
The arrow misses you.
The acid dragon bites you but does no damage.
The acid dragon claws you.
The centaur shoots an arrow.
The arrow hits you!
You see here 5 gold pieces.
Unknown command.
The acid dragon attacks as you move away!
The acid dragon barely misses you. x2; The centaur shoots an arrow.
The arrow misses you.
You bludgeon the acid dragon!
The acid dragon is moderately wounded.
The acid dragon closely misses you. The acid dragon claws you.
You tentacle-slap the acid dragon but do no damage.
The acid dragon is moderately wounded.
The acid dragon closely misses you. x2
You tentacle-slap the acid dragon.
The acid dragon is heavily wounded.
The centaur unwields a +0 shortbow.
The centaur hits you. The centaur kicks you. The acid dragon spits acid at you.
The splash of acid hits you!!
* * * LOW HITPOINT WARNING * * *
It was a potion of flight.
You feel very buoyant.
You fly up into the air.
The centaur hits you but does no damage.
The centaur closely misses you. The acid dragon bites you!
You die...
Your body crumbles into a pile of gold.

#.#. #.#. ####... ######..
.... #######......# #..
####### ...........# #.
#...... #.........# #.
#.....####........<######.
#....@c........[..)...
##.####DY......[######.
#..##Y..........# #.
...#..l#.........# #.
..##..###.........# #.
#....... #.........# #.
.....$.. #######.### #.
.....l.. #.# ## ....D..
#.#


You could see a yak, an acid dragon (catching breath) and a centaur.

Vanquished Creatures
  5 centaur zombies (D:7)
  A harpy skeleton (D:7)
  Sigmund (D:6)
  A wyvern (D:9)
  3 water moccasins
  3 ice beasts
  An orc warrior (D:9)
  A black bear (D:5)
  2 sky beasts (D:6)
  A centaur (D:8)
  2 ogres
  A kobold brigand (D:9)
  3 bullfrogs
  2 scorpions (D:5)
  2 necrophages
  4 wights (D:8)
  5 killer bees
  A howler monkey (D:8)
  A gnoll bouda (D:5)
  A jelly (D:5)
  5 orc priests
  5 hounds
  5 orc wizards
  2 iguanas (D:5)
  10 adders
  3 shadow imps
  4 white imps
  2 ufetubi
  2 worms (D:2)
  28 orcs
  12 ball pythons
  9 endoplasms
  2 giant cockroaches
  4 goblins
  9 hobgoblins
  4 jackals
  12 kobolds
  2 quokkas
  5 bats
  A frilled lizard (D:1)
  6 rats
173 creatures vanquished.

Vanquished Creatures (collateral kills)
  An ice beast (D:5)
  A scorpion (D:6)
  An iguana (D:5)
  A shadow imp (D:5)
  A worm (D:5)
  5 orcs
  A jackal (D:1)
  A rat (D:1)
12 creatures vanquished.

Vanquished Creatures (others)
  2 orc wizards
  2 orcs
  4 fungi (D:9)
  7 plants (D:9)
  12 withered plants (D:7)
27 creatures vanquished.

Grand Total: 212 creatures vanquished

Notes
Turn   | Place    | Note
-------+----------+-------------------------------------------
     0 | D:1      | H0rd4k the Octopode Artificer began the quest for the Orb.
     0 | D:1      | Reached XP level 1. HP: 13/13 MP: 1/1
   412 | D:1      | Reached XP level 2. HP: 15/18 MP: 1/3
   418 | D:1      | Reached skill level 1 in Spellcasting
   868 | D:1      | Found a faded altar of an unknown god.
  1240 | D:2      | Reached XP level 3. HP: 20/24 MP: 3/5
  1244 | D:2      | Learned a level 3 spell: Swiftness
  1375 | D:2      | Reached skill level 1 in Unarmed Combat
  1578 | D:2      | Reached skill level 2 in Fighting
  2301 | D:2      | Identified the +1 leather armour of Toshrogh {*Slow Int-4
                  | Dex+8 Stlth+}
  2750 | D:3      | Reached XP level 4. HP: 27/29 MP: 6/6
  3009 | D:3      | Reached skill level 1 in Air Magic
  3407 | D:3      | Identified the +1 scale mail of a ziggurat {rElec rF+ Str+7
                  | Dex-5}
  3664 | D:3      | Found a basalt altar of Yredelemnul.
  4539 | D:4      | Reached XP level 5. HP: 33/35 MP: 5/8
  4818 | D:5      | Entered Level 5 of the Dungeon
  4920 | D:5      | Noticed an ogre
  4984 | D:5      | Noticed a black bear
  5002 | D:5      | Killed a black bear
  5003 | D:5      | Reached skill level 3 in Fighting
  5003 | D:5      | Reached XP level 6. HP: 26/42 MP: 7/9
  5258 | D:5      | Noticed a wyvern
  5258 | D:5      | Noticed an ice beast
  5270 | D:5      | Killed an ice beast
  5271 | D:5      | Reached XP level 7. HP: 6/46 MP: 2/11
  5612 | D:5      | Reached skill level 5 in Unarmed Combat
  6196 | D:5      | Reached XP level 8. HP: 39/54 MP: 8/12
  6198 | D:5      | Reached skill level 4 in Fighting
  6442 | D:6      | Reached skill level 1 in Throwing
  7414 | D:6      | Found a blossoming altar of Fedhas.
  7520 | D:6      | Found a glowing golden altar of the Shining One.
  7555 | D:6      | Reached skill level 5 in Fighting
  7725 | D:6      | Noticed Sigmund
  7727 | D:6      | Killed Sigmund
  7728 | D:6      | Reached skill level 5 in Spellcasting
  7924 | D:7      | Reached XP level 9. HP: 61/61 MP: 16/16
  8670 | D:7      | Reached skill level 6 in Fighting
  9792 | D:7      | Reached skill level 7 in Fighting
  9792 | D:7      | Reached skill level 5 in Throwing
  9995 | D:7      | Reached XP level 10. HP: 16/72 MP: 3/20
 10168 | D:7      | Reached skill level 8 in Fighting
 10549 | D:7      | Found a staircase to the Ecumenical Temple.
 10557 | Temple   | Entered the Ecumenical Temple
 10557 | Temple   | Found a transporter.
 10557 | Temple   | Found a transporter.
 10585 | Temple   | Found a transporter.
 10585 | Temple   | Found a transporter.
 10597 | Temple   | Became a worshipper of Gozag Ym Sagoz the Greedy
 11243 | D:8      | Reached skill level 9 in Fighting
 12142 | D:8      | Found Togipysch's Serpentskin Sales.
 12153 | D:8      | Bought 4 curare-tipped darts for 28 gold pieces
 12153 | D:8      | Bought 5 curare-tipped darts for 36 gold pieces
 12645 | D:8      | Bought Asibokk's Excursus on Poisoning for 456 gold pieces
 12650 | D:8      | Learned a level 3 spell: Spider Form
 12656 | D:8      | Learned a level 5 spell: Alistair's Intoxication
 12716 | D:9      | Reached skill level 1 in Poison Magic
 12720 | D:9      | HP: 2/72 [acid dragon/splash of acid (22)]
 12721 | D:9      | Slain by an acid dragon

Illustrated notes

Levels and vault maps discovered:
D:1:      lightli_arrival_lavapool, layout_basic, basic_ecumenical_altar
D:2:      layout_basic
D:3:      layout_loops_ring, nicolae_overflow_hidden_temple,
          nicolae_figureground_sparkle
D:4:      layout_loops_ring, hex_large
D:5:      minmay_inner_zag, layout_loops_ring, st_stairs_11,
          minmay_manual_monstrance
D:6:      layout_loops_ring, nicolae_overflow_squiral, nicolae_titane,
          uniq_sigmund
D:7:      cheibrodos_grave_circle, layout_gridville,
          minmay_temple_entry_statues_fountains, minmay_diced_spiral,
          uniq_crazy_yiuf_cottage
D:8:      layout_rooms, guppyfry_shop_venom
D:9:      layout_rooms, grunt_lair_entry_orc_guard_hut,
          minmay_misc_feat_secret_circle, moated_statue, st_stairs_5,
          introduction_to_nature_1
Temple:   hellmonk_temple_divided_pantheon

Skill      XL: |  1  2  3  4  5  6  7  8  9 10 |
---------------+-------------------------------+-----
Spellcasting   | 1 2 3 5 6 7 |  7.8
Unarmed Combat | 1 2 3 4 5 6 |  6.1
Fighting       | 2 3 5 7 9 |  9.5
Air Magic      | 1 2 3 |  3.1
Throwing       | 3 5 6 |  6.2
Poison Magic   | 1 |  1.0
Dodging        | |  2.3
Stealth        | |  1.3
Transmutations | |  0.7
Evocations     | |  3.2

Action                   |  1- 3 |  4- 6 |  7- 9 | 10-12 || total
-------------------------+-------+-------+-------+-------++-------
Melee: Unarmed           |   101 |   101 |   177 |   130 ||   509
       Constrict         |    31 |    22 |    29 |    30 ||   112
       Tentacles         |    22 |    23 |    46 |    43 ||   134
       Punch             |       |     2 |    15 |    11 ||    28
Throw: Dart              |       |       |     9 |     3 ||    12
Evoke: Wand              |     2 |     9 |    38 |     3 ||    52
  Use: Scroll            |       |       |    14 |       ||    14
       Potion            |       |       |     1 |     3 ||     4
 Stab: Sleeping          |     6 |    11 |     2 |     2 ||    21
       Distracted        |       |     1 |     2 |       ||     3
       Fleeing           |       |       |     1 |       ||     1
Armor: Skin              |    12 |     9 |    12 |     9 ||    42
Dodge: Dodged            |    79 |    63 |   135 |   105 ||   382
